 Dungeon Crawl Stone Soup version 0.26-a0-597-gb535b0901c (webtiles) character file.

Game seed: 13665242441527781790

9939 toffzen the Basher (level 11, -1/151 HPs)
             Began as a Palentonga Berserker on Sept 11, 2020.
             Was a High Priest of Trog.
             Slain by an eight-headed hydra (14 damage)
             ... on level 10 of the Dungeon.
             The game lasted 00:24:06 (10489 turns).

toffzen the Basher (Palentonga Berserker)          Turns: 10489, Time: 00:24:06

Health: -1/151     AC: 12    Str: 23    XL:     11   Next: 29%
Magic:  11/11      EV: 12    Int: 16    God:    Trog [*****.]
Gold:   581        SH:  0    Dex: 11    Spells: 10/10 levels left

rFire    x . .     SeeInvis +   a - +5 flail (drain)
rCold    + . .     Faith    .   (no shield)
rNeg     . . .     Spirit   .   d - +2 ring mail {MR+}
rPois    .         Reflect  .   H - +2 hat {Int+3}
rElec    .         Harm     .   (no cloak)
rCorr    .                      e - +0 pair of gloves
MR       +....                  (no barding)
Stlth    ..........             (no amulet)
HPRegen  0.35/turn              m - ring of ice
MPRegen  0.12/turn              y - +6 ring of intelligence

@: berserking, very quick
A: large, rugged brown scales 3, see invisible, deformed body, roll, armoured
tail
a: Rolling Charge, Berserk, Trog's Hand, Brothers in Arms, Renounce Religion


You were on level 10 of the Dungeon.
You worshipped Trog.
Trog was extremely pleased with you.
You visited 2 branches of the dungeon, and saw 11 of its levels.

You collected 581 gold pieces.

Inventory:

Hand Weapons
 a - a +5 flail of draining (weapon)
 b - the +9 heavy crossbow "Sniper" {vorpal, Acc+∞ SInv}
   (You found it on level 6 of the Dungeon)

   Any bolt fired from it inflicts extra damage.
   It lets you see invisible.
Missiles
 c - 360 stones
 q - 81 poisoned darts (quivered)
 F - 45 bolts
Armour
 d - a +2 ring mail of magic resistance (worn)
 e - a +0 pair of gloves (worn)
 H - a +2 hat of intelligence (worn)
Jewellery
 m - a ring of ice (left hand)
 y - a +6 ring of intelligence (right hand)
Wands
 f - a wand of acid (6)
 t - a wand of polymorph (6)
 x - a wand of flame (30)
 C - a wand of disintegration (44)
Scrolls
 h - 2 scrolls of enchant armour
 j - 2 scrolls of identify
 l - 3 scrolls of teleportation
 r - 6 scrolls of remove curse
 s - 4 scrolls of noise
 v - 3 scrolls of fear
 w - 4 scrolls of magic mapping
 A - a scroll of blinking
 I - a scroll of enchant weapon {unknown}
Potions
 g - 3 potions of stabbing
 i - a potion of resistance
 k - 4 potions of mutation
 n - 6 potions of flight
 p - a potion of cancellation {unknown}
 u - 4 potions of heal wounds
 z - a potion of might {unknown}
 B - a potion of lignification {unknown}
 D - a potion of haste {unknown}
 G - 2 potions of degeneration {unknown}
 J - a potion of curing {unknown}


   Skills:
 + Level 8.6 Fighting
 * Level 11.6 Maces & Flails
 + Level 6.8 Armour
 + Level 6.8 Dodging


You had 10 spell levels left.
You didn't know any spells.
Your spell library was empty.

Dungeon Overview and Level Annotations

Branches:
Dungeon (10/15)            Temple (0/1) D:5            Lair (1/6) D:10
    Orc: D:9-12

Altars:
Ashenzari
Dithmenos
Fedhas
Gozag
Kikubaaqudgha
Nemelex Xobeh
Okawaru
Qazlal
Trog
Wu Jian
Xom
Zin
The Shining One

Shops:
D:5 =

Annotations:
D:3 1 runed translucent door, 1 exclusion, Crazy Yiuf
D:5 3 runed translucent doors, Lanoc's ghost, novice HaAr
D:9 1 runed translucent door, vurker's ghost, novice OpIE


Innate Abilities, Weirdness & Mutations

You are completely covered in rugged brown scales. (AC +3, +7% HP)
You have supernaturally acute eyesight. (SInv)
Armour fits poorly on your strangely shaped body.
You can roll at foes to attack.
You have a long armoured tail.


Message History

* * * LOW HITPOINT WARNING * * *
The eight-headed hydra bites you!
* * * LOW HITPOINT WARNING * * *
The eight-headed hydra barely misses you.
You barely miss the eight-headed hydra.
The eight-headed hydra is lightly wounded.
The yak gores you.
* * * LOW HITPOINT WARNING * * *
The eight-headed hydra bites you.
* * * LOW HITPOINT WARNING * * *
The eight-headed hydra bites you!
* * * LOW HITPOINT WARNING * * *
The eight-headed hydra bites you but does no damage.
The eight-headed hydra bites you.
* * * LOW HITPOINT WARNING * * *
The eight-headed hydra closely misses you.
The eight-headed hydra bites you.
* * * LOW HITPOINT WARNING * * *
The eight-headed hydra bites you!
You die...

.................................
#######..#####......#####........
# #..###...P.P....###...#####
#######.....P....................
..............P....P.P...........
............P...........#########
.########..P...####.....# .#
#...P..#.Y'...P.## .#
##.P...#@D#†.P...########
.#########..P..####..............
........).†..P.....P.............
......#####)..P...P.P.....#######
####..# #......P.P.P.#..#######
......######....P.....##.........
..................PP.............
#...........####.#..........#####
#.#######...# #....######..#


You could see an eight-headed hydra and a yak.

Vanquished Creatures
  3 two-headed ogres
  A cane toad (Lair:1)
  3 rime drakes (Lair:1)
  2 trolls
  A vampire (D:10)
  4 yaks (D:9)
  2 wyverns
  A basilisk (Lair:1)
  Edmund (D:3)
  A water moccasin (Lair:1)
  4 porcupines
  A hornet zombie (D:10)
  An ice beast (D:7)
  6 orc warriors
  A phantom (D:7)
  3 sky beasts
  5 ogres
  A crocodile (Lair:1)
  7 centaurs
  6 bullfrogs
  4 scorpions
  6 killer bees
  4 wights
  A howler monkey (D:4)
  5 centaur zombies
  A bullfrog zombie (D:10)
  3 bullfrog skeletons
  2 hounds
  6 orc priests
  3 jellies
  9 orc wizards
  Jessica (D:3)
  A centaur skeleton (D:5)
  2 iguanas
  5 worker ants
  3 hound skeletons
  A howler monkey skeleton (D:7)
  3 gnolls (D:9)
  10 adders
  2 shadow imps
  4 ufetubi
  4 adder skeletons
  3 worms
  2 dart slugs
  3 leopard geckos
  43 orcs
  6 bats
  8 giant cockroaches
  13 goblins
  6 hobgoblins
  13 jackals
  4 quokkas
  A ball python (D:6)
  A ball python zombie (D:5)
  3 frilled lizards (D:2)
  5 kobolds (D:2)
  3 leopard gecko zombies
  4 rats
  2 butterflies (D:5)
254 creatures vanquished.

Vanquished Creatures (others)
  16 fungi
  10 plants (D:10)
26 creatures vanquished.

Grand Total: 280 creatures vanquished

Notes
Turn   | Place    | Note
-------+----------+-------------------------------------------
     0 | D:1      | toffzen the Palentonga Berserker began the quest for the
                  | Orb.
     0 | D:1      | Reached XP level 1. HP: 20/20 MP: 1/1
   240 | D:1      | Reached XP level 2. HP: 22/27 MP: 2/2
   913 | D:1      | Reached XP level 3. HP: 33/33 MP: 3/3
   974 | D:1      | Reached ** piety under Trog
  1431 | D:2      | Reached XP level 4. HP: 40/40 MP: 4/4
  1455 | D:2      | Reached skill level 4 in Maces & Flails
  1666 | D:2      | Found a shattered altar of Ashenzari.
  2033 | D:2      | Found a shadowy altar of Dithmenos.
  2105 | D:3      | Reached XP level 5. HP: 34/49 MP: 5/5
  2321 | D:3      | Reached *** piety under Trog
  2337 | D:3      | Noticed Jessica
  2366 | D:3      | Killed Jessica
  2511 | D:3      | Found a sparkling altar of Nemelex Xobeh.
  2759 | D:3      | Found a runed translucent door.
  2760 | D:3      | Noticed Crazy Yiuf
  3177 | D:4      | Found an opulent altar of Gozag.
  3194 | D:4      | Noticed an ogre
  3197 | D:4      | Killed an ogre
  3197 | D:4      | Reached skill level 5 in Maces & Flails
  3197 | D:4      | Reached XP level 6. HP: 55/55 MP: 6/6
  3265 | D:4      | Noticed Edmund
  3303 | D:3      | Killed Edmund
  3446 | D:4      | Reached XP level 7. HP: 64/64 MP: 7/7
  3635 | D:4      | Reached skill level 6 in Maces & Flails
  3677 | D:4      | Found a glowing silver altar of Zin.
  3678 | D:4      | Noticed an angel
  3863 | D:4      | Found a stormy altar of Qazlal.
  3864 | D:4      | Reached **** piety under Trog
  3956 | D:4      | Found a bloodstained altar of Trog.
  4103 | D:5      | Entered Level 5 of the Dungeon
  4252 | D:5      | Found a runed translucent gate.
  4252 | D:5      | Found a runed translucent gate.
  4253 | D:5      | Found a runed translucent gate.
  4303 | D:5      | Noticed Lanoc's ghost (novice HaAr)
  4353 | D:5      | Reached skill level 5 in Fighting
  4366 | D:5      | Reached XP level 8. HP: 66/72 MP: 8/8
  4535 | D:5      | Found a staircase to the Ecumenical Temple.
  4571 | D:5      | Noticed a two-headed ogre
  4594 | D:5      | Killed a two-headed ogre
  4594 | D:5      | Reached skill level 7 in Maces & Flails
  4812 | D:5      | Found Rivusiwe's Jewellery Shoppe.
  4851 | D:5      | Reached skill level 8 in Maces & Flails
  5072 | D:6      | Found an iron altar of Okawaru.
  5097 | D:6      | Reached XP level 9. HP: 77/80 MP: 9/9
  5334 | D:6      | Found the +9 heavy crossbow "Sniper" {vorpal, Acc+∞ SInv}
  5487 | D:6      | Reached ***** piety under Trog
  6132 | D:7      | Reached skill level 5 in Armour
  6132 | D:7      | Reached skill level 5 in Dodging
  6381 | D:7      | Reached skill level 9 in Maces & Flails
  7119 | D:7      | Found a glowing golden altar of the Shining One.
  7371 | D:7      | Found a stormy altar of Qazlal.
  7565 | D:8      | Reached XP level 10. HP: 92/92 MP: 10/10
  7671 | D:8      | Noticed a two-headed ogre
  7677 | D:8      | Killed a two-headed ogre
  7677 | D:8      | Reached skill level 10 in Maces & Flails
  8054 | D:9      | Found a blossoming altar of Fedhas.
  8085 | D:9      | Found an ornate altar of the Wu Jian Council.
  8096 | D:9      | Found an ancient bone altar of Kikubaaqudgha.
  8501 | D:9      | Found a runed translucent door.
  8502 | D:9      | Found a shimmering altar of Xom.
  8502 | D:9      | Noticed a +1 trident of chaos
  8502 | D:9      | Noticed vurker's ghost (novice OpIE)
  8863 | D:10     | Entered Level 10 of the Dungeon
  9186 | D:10     | Noticed a two-headed ogre
  9204 | D:10     | Killed a two-headed ogre
  9204 | D:10     | Reached skill level 11 in Maces & Flails
  9437 | D:10     | Reached XP level 11. HP: 97/100 MP: 11/11
  9487 | D:10     | Found a staircase to the Lair.
 10063 | Lair:1   | Entered Level 1 of the Lair of Beasts
 10468 | Lair:1   | Noticed an eight-headed hydra
 10489 | D:10     | Slain by an eight-headed hydra

Illustrated notes

Levels and vault maps discovered:
D:1:      erik_arrival_triangle_small, layout_loops_corners,
          minmay_worlds_worst_comb
D:2:      layout_basic, lemuel_coloured_pillars_altar, evilmike_ruin_ashenzari
D:3:      layout_basic, nemelex_xobeh_ov_fountains_minmay,
          uniq_crazy_yiuf_cottage, uniq_jessica
D:4:      layout_basic, kennysheep_mini, grunt_qazlal_sundering, zin_angel,
          enter_ossuary_2, grunt_gozag_breadcrumbs, uniq_edmund
D:5:      layout_loops_ring, minmay_temple_entry_butterflies,
          gammafunk_ghost_icy, serial_shops, shop, kennysheep_generic_room_12
D:6:      kennysheep_six_static_rooms, layout_basic, old_standard_altar
D:7:      layout_loops_cross, old_standard_altar, basic_altar
D:8:      layout_rooms
D:9:      layout_rooms, old_standard_altar, fedhas_altar_1, lemuel_round_altar,
          ebering_ghost_xom
D:10:     layout_long_grid, grunt_lair_entry_orc_guard_hut
Lair:1:   layout_cave_pods, st_stairs_7, lemuel_fruit_fields, grunt_megastairs_3

Skill      XL: |  1  2  3  4  5  6  7  8  9 10 |
---------------+-------------------------------+-----
Armour         | 2 3 4 5 6 |  6.8
Dodging        | 2 3 4 5 6 |  6.8
Maces & Flails | 4 5 6 8 9 11 | 11.6
Fighting       | 4 5 6 7 8 |  8.6

Action                   |  1- 3 |  4- 6 |  7- 9 | 10-12 || total
-------------------------+-------+-------+-------+-------++-------
Melee: Mace              |   116 |   114 |       |       ||   230
       Tailslap          |    10 |    13 |    18 |    16 ||    57
       Morningstar       |       |    13 |       |       ||    13
       Flail             |       |     5 |   202 |   186 ||   393
 Fire: Heavy crossbow    |       |       |    23 |     9 ||    32
Throw: Dart              |       |     2 |     7 |     1 ||    10
Invok: Berserk           |     1 |     3 |     5 |     7 ||    16
       Trog's Hand       |       |     1 |     3 |     2 ||     6
 Abil: Rolling Charge    |    23 |    20 |    33 |    31 ||   107
  Use: Scroll            |       |     3 |     4 |     8 ||    15
       Potion            |       |       |     1 |       ||     1
Armor: Ring mail         |    78 |    74 |   100 |    73 ||   325
Dodge: Dodged            |    63 |    66 |   116 |    97 ||   342

Table legend: (Time is in decaauts)
 A = Elapsed time spent in this place.
 B = Non-inter-level travel time spent in this place.
 C = Inter-level travel time spent in this place.
 D = Time resting spent in this place.
 E = Time spent auto-exploring this place.
 F = Levels seen in this place.
 G = Mean time per level.
                   A        B        C        D        E       F      G
               +--------+--------+--------+--------+--------+-----+--------+
         Total |  10715 |  10425 |    290 |   2707 |   4686 |  11 |  974.1 |
       Dungeon |  10275 |   9985 |    290 |   2400 |   4652 |  10 | 1027.5 |
          Lair |    440 |    440 |      0 |    307 |     34 |   1 |  440.0 |
               +--------+--------+--------+--------+--------+-----+--------+

Top non-repeatable levels by time:
     D:5: 1349 daAuts
     D:3: 1265 daAuts
    D:10: 1106 daAuts
     D:6: 1102 daAuts
     D:7: 1089 daAuts
     D:1: 1078 daAuts
     D:2: 1018 daAuts
     D:9: 914 daAuts
     D:4: 843 daAuts
     D:8: 506 daAuts
  Lair:1: 440 daAuts
